BSA
EL DORADO OILERS @ BAFFIN ISLAND BEAVERS
07/01/2028
 
TOP OF THE 1ST
El Dorado Oilers batting - Pitching for Baffin Island Beavers : RHP Nathan Walters
Pitching: RHP Nathan Walters
Batting: RHB Nick Webb 0-0: Ball
1-0: Ball
2-0: Called Strike
2-1: Fly out, F8 (Flyball, 8RM)
Batting: LHB Ashley Pickhills 0-0: Called Strike
0-1: Fly out, F8 (Flyball, 8LD)
Batting: LHB Tony Abete 0-0: Called Strike
0-1: Ball
1-1: Swinging Strike
1-2: Strikes out swinging
Top of the 1st over - 0 run(s), 0 hit(s), 0 error(s), 0 left on base; El Dorado 0 - Baffin Island 0
BOTTOM OF THE 1ST
Baffin Island Beavers batting - Pitching for El Dorado Oilers : RHP Barton Johnson
Pitching: RHP Barton Johnson
Batting: RHB Eduardo García 0-0: Ball
1-0: Ball
2-0: SINGLE (Line Drive, 8RS)
Batting: LHB Norberto Muńóz 0-0: Ball
1-0: Ball
2-0: Foul Ball, location: 2F
2-1: Foul Ball, location: 2F
2-2: Foul Ball, location: 2F
2-2: Strikes out swinging
Batting: RHB Dave Craig 0-0: Ball
1-0: Ball
2-0: Ball
3-0: Fielders Choice at 2nd, 6-4 (Groundball, 56)
Batting: RHB Tony Morton 0-0: Swinging Strike
0-1: Foul Ball, location: 2F
0-2: Ball
1-2: Ball
2-2: Foul Ball, location: 2F
2-2: Strikes out swinging
Bottom of the 1st over - 0 run(s), 1 hit(s), 0 error(s), 1 left on base; El Dorado 0 - Baffin Island 0
TOP OF THE 2ND
El Dorado Oilers batting - Pitching for Baffin Island Beavers : RHP Nathan Walters
Batting: RHB Valentín Borges 0-0: Ball
1-0: Called Strike
1-1: Ball
2-1: Foul Ball, location: 2F
2-2: Fly out, F9 (Flyball, 9LM)
Batting: LHB José Hernández 0-0: SINGLE (Line Drive, 8RS)
Batting: RHB Sixto Vélez 0-0: Called Strike
0-1: Foul Ball, location: 2F
0-2: Foul Ball, location: 2F
0-2: Ball
1-2: Ball
2-2: Ball
3-2: Strikes out swinging
Batting: LHB Al Gaines 0-0: Foul Ball, location: 2F
0-1: Ball
1-1: Hit by Pitch
José Hernández to second
Batting: RHB José Carlos Caraballo 0-0: Called Strike
0-1: Fly out, F9 (Flyball, 9LMF)
Top of the 2nd over - 0 run(s), 1 hit(s), 0 error(s), 2 left on base; El Dorado 0 - Baffin Island 0
BOTTOM OF THE 2ND
Baffin Island Beavers batting - Pitching for El Dorado Oilers : RHP Barton Johnson
Batting: LHB Robert Phillips 0-0: Foul Ball, location: 2F
0-1: Ball
1-1: Ball
2-1: Ball
3-1: Foul Ball, location: 2F
3-2: Base on Balls
Batting: LHB Lorenzo Villa 0-0: Ball
1-0: Grounds into double play, 4-6-3 (Groundball, 34)
Batting: LHB Keng-chi Lao 0-0: Foul Ball, location: 2F
0-1: Foul Ball, location: 2F
0-2: Ball
1-2: Ball
2-2: Ground out 4-3 (Groundball, 4)
Bottom of the 2nd over - 0 run(s), 0 hit(s), 0 error(s), 0 left on base; El Dorado 0 - Baffin Island 0
TOP OF THE 3RD
El Dorado Oilers batting - Pitching for Baffin Island Beavers : RHP Nathan Walters
Batting: LHB José Martínez 0-0: Fly out, F8 (Flyball, 8LXD)
Batting: RHB Nick Webb 0-0: Foul Ball, location: 2F
0-1: Called Strike
0-2: Ground out 1-3 (Groundball, 15S)
Batting: LHB Ashley Pickhills 0-0: Ground out U3 (Groundball, 3)
Top of the 3rd over - 0 run(s), 0 hit(s), 0 error(s), 0 left on base; El Dorado 0 - Baffin Island 0
BOTTOM OF THE 3RD
Baffin Island Beavers batting - Pitching for El Dorado Oilers : RHP Barton Johnson
Batting: LHB Mike MacFadden 0-0: Ball
1-0: Ground out U3 (Groundball, 3S)
Batting: RHB António Valdéz 0-0: DOUBLE (Flyball, 89D)
Batting: RHB Eduardo García 0-0: Swinging Strike
0-1: Ball
1-1: Ground out 6-3 (Groundball, 56)
Batting: LHB Norberto Muńóz 0-0: Called Strike
0-1: Ball
1-1: DOUBLE (Line Drive, 89D)
António Valdéz scores
Batting: RHB Dave Craig 0-0: Ball
1-0: Foul Ball, location: 2F
1-1: Called Strike
1-2: Ball
2-2: Ground out 5-3 (Groundball, 5)
Bottom of the 3rd over - 1 run(s), 2 hit(s), 0 error(s), 1 left on base; El Dorado 0 - Baffin Island 1
TOP OF THE 4TH
El Dorado Oilers batting - Pitching for Baffin Island Beavers : RHP Nathan Walters
Batting: LHB Tony Abete 0-0: Called Strike
0-1: Foul Ball, location: 2F
0-2: SINGLE (Line Drive, 9LM)
Batting: RHB Valentín Borges 0-0: Ball
1-0: Ball
2-0: Swinging Strike
2-1: Ball
3-1: Foul Ball, location: 2F
3-2: Strikes out looking
Tony Abete steals 2nd base
Batter strikes out.
Batting: LHB José Hernández 0-0: Foul Ball, location: 2F
0-1: Swinging Strike
0-2: Ball
1-2: Strikes out looking
Batting: RHB Sixto Vélez 0-0: Called Strike
0-1: Ball
1-1: Fly out, F9 (Line Drive, 9D)
Top of the 4th over - 0 run(s), 1 hit(s), 0 error(s), 1 left on base; El Dorado 0 - Baffin Island 1
BOTTOM OF THE 4TH
Baffin Island Beavers batting - Pitching for El Dorado Oilers : RHP Barton Johnson
Batting: RHB Tony Morton 0-0: SINGLE (Line Drive, 34D)
Batting: LHB Robert Phillips 0-0: Ball
1-0: Ball
2-0: Fly out, F9 (Flyball, 9LS)
Batting: LHB Lorenzo Villa 0-0: Called Strike
0-1: Ball
1-1: Ball
2-1: DOUBLE (Flyball, 89D)
Tony Morton to third
Tony Morton scores
Batting: LHB Keng-chi Lao 0-0: SINGLE (Groundball, 3D)
Lorenzo Villa to third
Runner from 3rd tries for Home, SAFE, throw made home
Keng-chi Lao to second
Batting: LHB Mike MacFadden 0-0: Foul Ball, location: 2F
0-1: Ball
1-1: Foul Ball, location: 2F
1-2: Fly out, F7 (Flyball, 7)
Batting: RHB António Valdéz 0-0: Fly out, F9 (Flyball, 9LM)
Bottom of the 4th over - 2 run(s), 3 hit(s), 0 error(s), 1 left on base; El Dorado 0 - Baffin Island 3
TOP OF THE 5TH
El Dorado Oilers batting - Pitching for Baffin Island Beavers : RHP Nathan Walters
Batting: LHB Al Gaines 0-0: Called Strike
0-1: Ball
1-1: Ball
2-1: Ball
3-1: Base on Balls
Batting: RHB José Carlos Caraballo 0-0: Called Strike
Al Gaines is caught stealing 2nd base
0-1: SINGLE (Line Drive, 56)
Batting: LHB José Martínez 0-0: Ball
1-0: Ball
2-0: Ball
3-0: Called Strike
3-1: Called Strike
3-2: SINGLE (Line Drive, 6)
José Carlos Caraballo to second
José Carlos Caraballo to third
Batting: RHB Nick Webb 0-0: Foul Ball, location: 2F
0-1: Ball
1-1: Called Strike
1-2: Ball
2-2: Reached on error, E5 (Groundball, 56)
José Carlos Caraballo scores
José Martínez to second
Batting: LHB Ashley Pickhills 0-0: Ball
1-0: Foul Ball, location: 2F
1-1: Fielders Choice at 2nd, 4-6 (Groundball, 34)
José Martínez to third
Batting: LHB Tony Abete 0-0: Ball
1-0: DOUBLE (Line Drive, 3D)
José Martínez scores
Ashley Pickhills to third
Runner from 3rd tries for Home, SAFE, no throw
Batting: RHB Valentín Borges 0-0: Ball
Wild Pitch!
Tony Abete to third
1-0: 2-RUN HOME RUN (Flyball, 78XD), Distance : 471 ft
Batting: LHB José Hernández 0-0: SOLO HOME RUN (Flyball, 89XD), Distance : 472 ft
Pitching: RHP Colm Stewart
Batting: RHB Sixto Vélez 0-0: Foul Ball, location: 2F
0-1: Called Strike
0-2: Strikes out swinging
Top of the 5th over - 6 run(s), 5 hit(s), 1 error(s), 0 left on base; El Dorado 6 - Baffin Island 3
BOTTOM OF THE 5TH
Baffin Island Beavers batting - Pitching for El Dorado Oilers : RHP Barton Johnson
Batting: RHB Eduardo García 0-0: Fly out, F8 (Line Drive, 78M)
Batting: LHB Norberto Muńóz 0-0: Swinging Strike
0-1: Called Strike
0-2: Ball
1-2: Strikes out swinging
Batting: RHB Dave Craig 0-0: Ball
1-0: Called Strike
1-1: Ball
2-1: Foul Ball, location: 2F
2-2: Ground out 6-3 (Groundball, 6M)
Bottom of the 5th over - 0 run(s), 0 hit(s), 0 error(s), 0 left on base; El Dorado 6 - Baffin Island 3
TOP OF THE 6TH
El Dorado Oilers batting - Pitching for Baffin Island Beavers : RHP Colm Stewart
Batting: LHB Al Gaines 0-0: Swinging Strike
0-1: Ball
1-1: Called Strike
1-2: SINGLE (Line Drive, 8RS)
Batting: RHB José Carlos Caraballo 0-0: Ball
1-0: Called Strike
1-1: Swinging Strike
1-2: Foul Ball, location: 2F
1-2: SINGLE (Line Drive, 56)
Al Gaines to second
Batting: LHB José Martínez 0-0: Called Strike
0-1: Called Strike
0-2: Ball
1-2: Foul Ball, location: 2F
1-2: SINGLE (Flyball, 7S)
Al Gaines to third
José Carlos Caraballo to second
Runner from 3rd tries for Home, throw and OUT!
José Carlos Caraballo to third
José Martínez to second
Batting: RHB Nick Webb 0-0: Ball
1-0: Ball
2-0: Foul Ball, location: 2F
2-1: Swinging Strike
2-2: Ground out 6-3 (Groundball, 6)
José Carlos Caraballo scores
Batting: LHB Ashley Pickhills 0-0: Ground out 4-3 (Groundball, 4)
Top of the 6th over - 1 run(s), 3 hit(s), 0 error(s), 1 left on base; El Dorado 7 - Baffin Island 3
BOTTOM OF THE 6TH
Baffin Island Beavers batting - Pitching for El Dorado Oilers : RHP Barton Johnson
Batting: RHB Tony Morton 0-0: Foul Ball, location: 2F
0-1: Fly out, F8 (Flyball, 8LS)
Batting: LHB Robert Phillips 0-0: Called Strike
0-1: Ball
1-1: Called Strike
1-2: Foul Ball, location: 2F
1-2: Ball
2-2: Ball
3-2: Ground out 4-3 (Groundball, 4S)
Batting: LHB Lorenzo Villa 0-0: Swinging Strike
0-1: Called Strike
0-2: Foul Ball, location: 2F
0-2: Ball
1-2: Fly out, F7 (Flyball, 78S)
Bottom of the 6th over - 0 run(s), 0 hit(s), 0 error(s), 0 left on base; El Dorado 7 - Baffin Island 3
TOP OF THE 7TH
El Dorado Oilers batting - Pitching for Baffin Island Beavers : RHP Colm Stewart
Batting: LHB Tony Abete 0-0: Fly out, F9 (Flyball, 89S)
Batting: RHB Valentín Borges 0-0: Foul Ball, location: 2F
0-1: Foul Ball, location: 2F
0-2: Strikes out looking
Batting: LHB José Hernández 0-0: Fly out, F8 (Line Drive, 8LD)
Top of the 7th over - 0 run(s), 0 hit(s), 0 error(s), 0 left on base; El Dorado 7 - Baffin Island 3
BOTTOM OF THE 7TH
Baffin Island Beavers batting - Pitching for El Dorado Oilers : RHP Barton Johnson
Batting: LHB Keng-chi Lao 0-0: Swinging Strike
0-1: Ground out 5-3 (Groundball, 25)
Batting: LHB Mike MacFadden 0-0: Called Strike
0-1: Foul Ball, location: 2F
0-2: Fly out, F7 (Flyball, 7LSF)
Batting: RHB António Valdéz 0-0: Called Strike
0-1: Ball
1-1: Foul Ball, location: 2F
1-2: Strikes out looking
Bottom of the 7th over - 0 run(s), 0 hit(s), 0 error(s), 0 left on base; El Dorado 7 - Baffin Island 3
TOP OF THE 8TH
El Dorado Oilers batting - Pitching for Baffin Island Beavers : RHP Colm Stewart
Batting: RHB Sixto Vélez 0-0: Swinging Strike
0-1: Hit by Pitch
Batting: LHB Al Gaines 0-0: Sac Bunt - play at first, batter OUT! 5-3
Sixto Vélez to second
Batting: RHB José Carlos Caraballo 0-0: Called Strike
0-1: Called Strike
0-2: Ground out 4-3 (Groundball, 4)
Sixto Vélez to third
Batting: LHB José Martínez 0-0: Ball
1-0: Ground out 4-3 (Groundball, 4)
Top of the 8th over - 0 run(s), 0 hit(s), 0 error(s), 1 left on base; El Dorado 7 - Baffin Island 3
BOTTOM OF THE 8TH
Baffin Island Beavers batting - Pitching for El Dorado Oilers : RHP Barton Johnson
Batting: RHB Eduardo García 0-0: Called Strike
0-1: Swinging Strike
0-2: Fly out, F7 (Flyball, 7S)
Batting: LHB Norberto Muńóz 0-0: Ball
1-0: Ball
2-0: Called Strike
2-1: Foul Ball, location: 2F
2-2: Ground out 5-3 (Groundball, 56)
Batting: RHB Dave Craig 0-0: Swinging Strike
0-1: Swinging Strike
0-2: Fly out, F9 (Flyball, 9S)
Bottom of the 8th over - 0 run(s), 0 hit(s), 0 error(s), 0 left on base; El Dorado 7 - Baffin Island 3
TOP OF THE 9TH
El Dorado Oilers batting - Pitching for Baffin Island Beavers : RHP Colm Stewart
Batting: RHB Nick Webb 0-0: Called Strike
0-1: SINGLE (Line Drive, 6MD)
Batting: LHB Ashley Pickhills 0-0: Ball
1-0: Bunted foul
1-1: Sac Bunt - play at first, batter OUT! 5-4
Nick Webb to second
Batting: LHB Tony Abete 0-0: Intentional Walk
Pitching: LHP Tom Miller
Batting: RHB Valentín Borges 0-0: Called Strike
0-1: Ball
1-1: Ball
2-1: Ball
3-1: Swinging Strike
3-2: Base on Balls
Nick Webb to third
Tony Abete to second
Batting: LHB José Hernández 0-0: Foul Ball, location: 2F
0-1: Called Strike
0-2: Ball
1-2: Ball
2-2: Foul Ball, location: 2F
2-2: Ball
3-2: Strikes out looking
Batting: RHB Sixto Vélez 0-0: Ball
1-0: Foul Ball, location: 2F
1-1: SINGLE (Flyball, 9LM)
Nick Webb scores
Tony Abete to third
Valentín Borges to second
Runner from 3rd tries for Home, SAFE, no throw
Batting: LHB Al Gaines 0-0: Ball
1-0: Ball
2-0: DOUBLE (Flyball, 89D)
Valentín Borges scores
Sixto Vélez to third
Runner from 3rd tries for Home, throw and OUT!
Top of the 9th over - 3 run(s), 3 hit(s), 0 error(s), 1 left on base; El Dorado 10 - Baffin Island 3
BOTTOM OF THE 9TH
Baffin Island Beavers batting - Pitching for El Dorado Oilers : RHP Barton Johnson
Now at 1B: José Montoya
Batting: RHB Tony Morton 0-0: Called Strike
0-1: Foul Ball, location: 2F
0-2: Ground out 6-3 (Groundball, 56)
Batting: LHB Robert Phillips 0-0: Ball
1-0: Ball
2-0: Foul Ball, location: 2F
2-1: SOLO HOME RUN (Flyball, 9LD), Distance : 372 ft
Pitching: RHP Craig Draper
Batting: LHB Lorenzo Villa 0-0: Called Strike
0-1: Ball
1-1: Swinging Strike
1-2: Foul Ball, location: 2F
1-2: Hit by Pitch
Batting: LHB Keng-chi Lao 0-0: Called Strike
0-1: Grounds into double play, 6-4-3 (Groundball, 6)
Bottom of the 9th over - 1 run(s), 1 hit(s), 0 error(s), 0 left on base; El Dorado 10 - Baffin Island 4
Tuesday, August 8th, 2017 - OOTP Baseball 17.12 Build 75